Map: Lightshade LE

Players

Gojira - Winner!

  • Race: Protoss Protoss
  • League: Bronze

Simonizer

  • Race: Zerg Zerg
  • League: Silver

VOD

Have the link to the VOD?

Description

Time

  • Played on: Sept. 7, 2021, 3:29 p.m.
  • Length: 19:14
Show
View Real Time Build Order
Export as new Build Order

Gojira Protoss - Winner!

Build Orders:  

Get SALT Encoding   

  12  0:00  Probe  
  13  0:12  Probe  
  14  0:20  Pylon  
  14  0:24  Probe  
  15  0:39  Probe  
  16  0:44  Gateway  
  16  1:02  Probe (Chrono Boost)  
  17  1:05  Assimilator  
  18  1:11  Probe (Chrono Boost)  
  18  1:16  Probe (Chrono Boost)  
  19  1:28  Probe  
  20  1:40  Probe  
  20  1:44  Cybernetics Core  
  21  1:48  Assimilator  
  21  1:53  Nexus  
  21  2:17  Gateway  
  20  2:25  Pylon  
  20  2:33  Adept (Chrono Boost)  
  22  2:46  Twilight Council  
  22  2:49  Forge  
  22  3:04  Probe  
  23  3:06  Warp Gate (Chrono Boost)  
  23  3:14  Probe  
  23  3:17  Probe  
  25  3:23  Adept (Chrono Boost)  
  25  3:26  Adept (Chrono Boost)  
  29  3:33  Probe x2  
  29  3:48  Gateway  
  29  4:07  Pylon  
  29  4:19  Probe  
  29  4:20  Probe  
  31  4:25  Blink  
  31  4:26  Protoss Ground Weapons Level 1  
  31  4:35  Pylon  
  31  4:49  Assimilator  
  31  4:52  Assimilator  
  31  5:04  Zealot x3  
  37  5:17  Pylon  
  37  5:19  Pylon  
  37  5:22  Pylon, Probe x2  
  37  5:25  Pylon  
  39  5:28  Pylon  
  39  5:31  Pylon  
  39  5:34  Probe x2  
  41  5:42  Photon Cannon  
  41  5:43  Photon Cannon  
  41  5:47  Photon Cannon, Probe x2  
  43  5:59  Gateway  
  43  6:06  Probe  
  43  6:07  Probe  
  43  6:08  Robotics Facility  
  45  6:19  Probe x2  
  47  6:34  Nexus  
  47  6:39  Protoss Ground Weapons Level 2  
  47  6:40  Charge  
  47  6:54  Stalker x2  
  51  7:03  Probe x2  
  53  7:15  Probe x2  
  54  7:22  Gateway x2  
  55  7:24  Gateway  
  55  7:27  Gateway  
  55  7:39  Observer  
  56  7:46  Probe x2  
  56  7:47  Probe  
  59  7:58  Pylon  
  59  8:00  Pylon  
  59  8:17  Stalker x4  
  59  8:18  Stalker  
  69  8:25  Zealot x3  
  75  8:48  Gateway  
  75  8:50  Gateway  
  75  8:51  Gateway  
  75  8:54  Probe x3  
  78  9:03  Stalker x5  
  78  9:06  Probe x3  
  91  9:14  Immortal  
  95  9:23  Robotics Facility  
  95  9:24  Robotics Facility  
  95  9:26  Robotics Facility  
  95  9:37  Stalker x5  
  105  9:45  Protoss Ground Weapons Level 3  
  94  10:31  Stalker  
  94  10:32  Stalker x4  
  94  10:33  Stalker x3  
  72  10:55  Immortal x4  
  88  11:11  Probe x3  
  91  11:21  Assimilator  
  91  11:25  Nexus, Assimilator  
  91  11:29  Stalker x2  
  91  11:30  Stalker x4  
  103  12:08  Forge  
  103  12:16  Stalker x3  
  103  12:17  Stalker x2  
  113  12:24  Assimilator  
  113  12:28  Pylon  
  113  12:30  Pylon  
  67  14:19  Stalker x5  
  67  14:20  Stalker x3  
  79  14:28  Probe x3  
  79  14:31  Observer  
  71  14:32  Immortal x3  
  83  14:40  Probe x3  
  86  15:01  Probe x2  
  86  15:02  Probe x2  
  86  15:07  Stalker x4  
  98  15:24  Immortal  
  98  15:25  Immortal x3  
  114  15:38  Stalker x6  
  114  15:39  Stalker  
  128  15:47  Probe x2  
  128  15:48  Probe x2  
  132  16:03  Stalker  
  132  16:04  Stalker x5  
  138  16:09  Zealot x2  
  148  16:18  Warp Prism  
  148  16:20  Immortal  
  148  16:21  Immortal x2  
  162  16:30  Pylon  
  162  16:32  Pylon  
  162  16:35  Pylon  
  162  16:37  Pylon  
  162  16:39  Assimilator  
  162  16:48  Zealot x3  
  162  16:49  Zealot  
  144  18:25  Stalker x4  
  144  18:26  Stalker x3  
  146  18:55  Stalker x4  
Show
View Real Time Build Order
Export as new Build Order

Simonizer Zerg 

Build Orders: Pool First 

Get SALT Encoding   

  12  0:09  Overlord  
  12  0:20  Drone x2  
  14  0:28  Drone  
  14  0:34  Drone  
  17  0:42  Drone  
  17  0:51  Spawning Pool  
  17  0:53  Drone  
  17  1:04  Overlord  
  17  1:15  Drone  
  18  1:24  Hatchery  
  17  1:25  Drone  
  18  1:36  Drone  
  19  1:42  Extractor  
  19  1:45  Extractor  
  17  1:47  Queen  
  17  1:52  Zergling x2  
  20  1:59  Drone  
  21  2:09  Zergling x2  
  22  2:21  Zergling x2  
  23  2:42  Zergling x2  
  23  2:43  Zergling x4  
  26  2:54  Hatchery  
  25  3:01  Drone x2  
  25  3:02  Drone  
  25  3:03  Hatchery  
  27  3:18  Drone  
  27  3:19  Drone  
  29  3:22  Drone  
  29  3:25  Drone x2  
  28  4:05  Overlord x2  
  28  4:06  Overlord  
  28  4:09  Drone  
  28  4:10  Drone x3  
  28  4:15  Lair  
  31  4:17  Metabolic Boost  
  31  4:23  Drone x3  
  31  4:24  Drone  
  35  4:41  Spine Crawler  
  34  4:47  Spine Crawler  
  33  4:58  Spine Crawler  
  32  5:05  Drone x3  
  32  5:06  Spine Crawler  
  34  5:07  Drone  
  35  5:30  Hatchery  
  34  5:40  Spire  
  33  5:45  Spire  
  32  6:03  Spine Crawler  
  31  6:07  Spine Crawler  
  31  6:11  Spine Crawler  
  29  6:18  Spine Crawler  
  28  6:28  Drone  
  28  6:29  Drone x3  
  32  6:40  Drone x3  
  32  6:44  Drone  
  36  7:11  Extractor  
  36  7:13  Extractor  
  34  7:23  Spine Crawler  
  34  7:26  Spore Crawler  
  34  7:27  Drone x2  
  34  7:28  Drone  
  35  7:40  Infestation Pit  
  34  7:45  Hydralisk Den, Queen  
  35  7:52  Zerg Flyer Armor Level 1  
  35  7:53  Zerg Flyer Weapons Level 1  
  35  7:57  Mutalisk x3  
  41  8:20  Queen  
  43  8:27  Mutalisk x2  
  43  8:28  Mutalisk  
  43  8:29  Mutalisk  
  43  8:31  Mutalisk  
  53  8:37  Drone x2  
  53  8:38  Drone  
  56  9:42  Mutalisk x2  
  56  9:43  Mutalisk x3  
  66  9:45  Mutalisk x2  
  70  9:58  Drone x2  
  70  9:59  Drone x3  
  67  10:34  Mutalisk x4  
  67  10:35  Mutalisk  
  71  10:38  Mutalisk  
  69  11:26  Lurker Den  
  68  11:35  Drone  
  68  11:36  Drone x4  
  73  11:46  Burrow  
  73  11:50  Hydralisk x2  
  77  11:58  Overlord x3  
  77  12:02  Zerg Flyer Armor Level 2  
  77  12:03  Zerg Flyer Weapons Level 2  
  77  12:06  Neural Parasite  
  77  12:30  Hatchery  
  74  13:06  Mutalisk x4  
  74  13:07  Mutalisk x2  
  86  13:18  Lurker  
  87  13:25  Pathogen Glands  
  87  13:27  Lurker  
  65  14:36  Hatchery  
  64  14:38  Drone x3  
  64  14:44  Overlord x3  
  67  14:50  Drone x4  
  67  14:51  Drone x2  
  73  14:58  Extractor  
  72  15:00  Extractor  
  71  15:57  Infestor  
  71  15:58  Infestor  
  71  15:59  Infestor x2  
  71  16:00  Infestor x2  
  71  16:03  Hydralisk x2  
  71  16:04  Hydralisk  
  89  16:14  Hatchery  
  88  17:01  Corruptor  
  88  17:02  Corruptor  
  92  17:46  Lurker  
  92  17:49  Lurker  
  92  17:51  Lurker  
  47  18:37  Mutalisk x6  
Tags
 
Add a new tag
Caveats
  • Supply blocks, unpowered buildings, or Contaminate may cause inaccurate times.
  • Supply counts are checked every 10 seconds.